 Dungeon Crawl Stone Soup version 0.29.1-13-g9f3cf754e1 (webtiles) character file.

Game seed: 8636534462578438236

2233 leafyfresh the Covert (level 9, 0/74 HPs)
             Began as a Gnoll Delver on Feb 3, 2023.
             Was a Believer of Okawaru.
             Killed by divine providence
             ... invoked by an orc priest
              (12 damage)
             ... on level 5 of the Dungeon.
             The game lasted 00:13:10 (9602 turns).

leafyfresh the Covert (Gnoll Delver)                Turns: 9602, Time: 00:13:11

Health: 0/74       AC: 11    Str: 12    XL:     9   Next: 36%
Magic:  15/15      EV: 30    Int: 10    God:    Okawaru [**....]
Gold:   417        SH:  0    Dex: 17    Spells: 16/16 levels left

rFire   . . .      SeeInvis .   u - +3 halberd (protect)
rCold   + . .      Faith    .   (shield currently unavailable)
rNeg    . . .      Spirit   .   A - +0 steam dragon scales
rPois   .          Reflect  .   n - +0 helmet
rElec   .          Harm     .   y - +0 cloak
rCorr   +          Rampage  .   (no gloves)
Will    .....                   I - +2 pair of boots
Stlth   +++++.....              m - amulet of the acrobat
HPRegen 0.22/turn               k - ring of protection from cold
MPRegen 0.14/turn               l - ring of resist corrosion

@: acrobatic
A: fangs 1, strong nose, distributed training
a: Renounce Religion, Heroism


You were on level 5 of the Dungeon.
You worshipped Okawaru.
Okawaru was pleased with you.
You visited 2 branches of the dungeon, and saw 8 of its levels.

You collected 417 gold pieces.

Inventory:

Hand Weapons
 a - a +0 spear
 u - a +3 halberd of protection (weapon)
 H - a +2 flail of protection
Missiles
 r - 4 javelins (quivered)
Armour
 b - a +0 leather armour
 n - a +0 helmet (worn)
 y - a +0 cloak (worn)
 A - +0 steam dragon scales (worn)
 I - a +2 pair of boots (worn)
Jewellery
 k - a ring of protection from cold (left hand)
 l - a ring of resist corrosion (right hand)
 m - an amulet of the acrobat (around neck)
Wands
 g - a wand of digging (8)
 F - a wand of iceblast (6)
Scrolls
 c - 2 scrolls of fog
 d - 3 scrolls of magic mapping
 e - a scroll of fear
 i - a scroll of silence
 j - 4 scrolls of identify
 w - 2 scrolls of summoning {unknown}
 C - 2 scrolls of teleportation {unknown}
 D - a scroll of noise {unknown}
 J - a scroll of vulnerability {unknown}
 K - a scroll of enchant weapon
Potions
 f - 3 potions of haste
 h - 3 potions of might {unknown}
 o - 2 potions of invisibility {unknown}
 p - 2 potions of cancellation {unknown}
 q - 2 potions of resistance {unknown}
 s - 2 potions of heal wounds {unknown}
 t - 2 potions of curing
 v - 2 potions of flight {unknown}
 x - 2 potions of mutation {unknown}
 z - 2 potions of attraction {unknown}
 B - a potion of lignification {unknown}
 E - a potion of berserk rage {unknown}
 G - a potion of brilliance {unknown}


   Skills:
 + Level 7.9 Fighting
 + Level 4.3 Short Blades
 + Level 4.3 Long Blades
 + Level 4.3 Axes
 + Level 4.3 Maces & Flails
 + Level 6.4 Polearms
 + Level 4.3 Staves
 + Level 4.3 Ranged Weapons
 + Level 4.3 Throwing
 + Level 4.3 Armour
 + Level 6.4 Dodging
 + Level 10.5 Stealth
 + Level 4.3 Shields
 + Level 4.3 Unarmed Combat
 + Level 4.3 Spellcasting
 + Level 3.5 Conjurations
 + Level 3.5 Hexes
 + Level 3.5 Summonings
 + Level 3.5 Necromancy
 + Level 3.5 Translocations
 + Level 3.5 Transmutations
 + Level 3.5 Fire Magic
 + Level 3.5 Ice Magic
 + Level 3.5 Air Magic
 + Level 3.5 Earth Magic
 + Level 3.5 Poison Magic
 + Level 4.8 Invocations
 + Level 4.3 Evocations


You had 16 spell levels left.
You didn't know any spells.
Your spell library contained the following spells:

 Spells                   Type           Power      Damage    Failure   Level
 Apportation              Tloc           18%        N/A       5%          1
 Magic Dart               Conj           36%        1d4       5%          1
 Sandblast                Erth           18%        2d7       5%          1
 Passwall                 Tmut/Erth      7%         N/A       9%          2
 Poisonous Vapours        Pois/Air       18%        N/A       9%          2
 Mephitic Cloud           Conj/Pois/Air  9%         N/A       17%         3
 Ozocubu's Armour         Ice            9%         N/A       17%         3
 Stone Arrow              Conj/Erth      18%        3d8       17%         3
 Corpse Rot               Necr/Pois/Air  9%         N/A       50%         4
 Alistair's Intoxication  Tmut/Pois      6%         N/A       83%         5
 Borgnjor's Vile Clutch   Necr/Erth      4%         N/A       83%         5
 Metabolic Englaciation   Hex/Ice        4%         N/A       83%         5
 Call Imp                 Summ           Unusable   N/A       N/A         2
 Animate Dead             Necr           Unusable   N/A       N/A         4
 Death Channel            Necr           Unusable   N/A       N/A         6
 Simulacrum               Ice/Necr       Unusable   N/A       N/A         6

Dungeon Overview and Level Annotations

Branches:
Dungeon (7/15)             Temple (1/1) D:6

Altars:
Ashenzari
Cheibriados
Dithmenos
Elyvilon
Fedhas
Gozag
Makhleb
Nemelex Xobeh
Okawaru
Qazlal
Ru
Trog
Uskayaw
Vehumet
Xom
Yredelemnul
Zin

Annotations:
D:5 Edmund


Innate Abilities, Weirdness & Mutations

You have very sharp teeth.
Your uncanny sense of smell can sniff out nearby items.
Your experience applies equally to all skills.


Message History

The killer bee closely misses you.
You slash the killer bee!
You kill the killer bee!
Okawaru accepts your kill.
You are too injured to fight recklessly!
You are too injured to fight recklessly!
You are too injured to fight recklessly!
Aiming: Iceblast
Press: ? - help, Shift-Dir - straight line, f - orc priest
Aim: an orc priest, wielding a +0 mace of holy wrath and wearing a +0 leather armour The mass of ice explodes!
The iceblast engulfs something!
The iceblast engulfs you! You partially resist.
* * * LOW HITPOINT WARNING * * *
You hear a shout!
The orc priest casts a cantrip, but nothing happens.
Something completely misses you.
Unknown command.
Unknown command.
You barely miss something. Something hits you but does no damage.
Unknown command.
You completely miss something.
You hear some strange, mumbled words.
You are confused.
Something hits you but does no damage.
You miss something. Something hits you but does no damage.
Unknown command.
You bump into the rock wall.
Something barely misses you.
You miss something. Your bite misses something. Something hits you.
* * * LOW HITPOINT WARNING * * *
You bump into the rock wall.
You feel less confused. Something hits you.
* * * LOW HITPOINT WARNING * * *
The orc priest calls down the wrath of Beogh upon you.
Something writhes in agony!
Reactivating autopickup.
You feel a bit more experienced.
The orc priest calls down the wrath of Beogh upon you.
Beogh smites you!
You die...

###......###.# #......+...
.........###.# .#......####
####.......#.########........+
. #
#.###.#.#.....#...#.#########.
# #.....<.#.###......... #oo..
#########.^#####....#..## ##
...................#..#.## ∆
## ################.....#.#.#
##. #####........@.#.....# #
##.. #..................###.#
##@..
#...........#....#....#∆##o'..
#...........#.#...#.## ##)##..
#...............#..#.###.###..
#.................o@#..o## #..
#...........#........#### ###
####...........#..#.##### #
...............#........###
#####


You could see Edmund and an orc priest.

Vanquished Creatures
  3 steam dragons
  2 sky beasts (D:7)
  4 ogres
  3 centaurs
  A bullfrog (D:7)
  2 scorpions
  2 necrophages
  3 killer bees (D:5)
  2 hounds
  3 jellies
  Jessica (D:2)
  An iguana (D:4)
  4 orc wizards
  10 gnolls
  10 adders
  2 shadow imps
  2 ufetubi (D:5)
  A worm (D:2)
  5 dart slugs
  13 orcs
  A bat (D:1)
  7 endoplasms
  4 giant cockroaches
  2 goblins
  6 hobgoblins
  10 jackals
  13 kobolds
  2 quokkas
  5 ball pythons
  6 frilled lizards
  4 rats
134 creatures vanquished.

Vanquished Creatures (others)
  An orc wizard (D:5)
1 creature vanquished.

Grand Total: 135 creatures vanquished

Notes
Turn   | Place    | Note
-------+----------+-------------------------------------------
     0 | D:5      | Reached skill level 9 in Stealth
     0 | D:5      | leafyfresh the Gnoll Delver began the quest for the Orb.
     0 | D:5      | Reached XP level 1. HP: 23/23 MP: 1/1
    21 | D:5      | Noticed an orc wizard
    21 | D:5      | Noticed an orc priest
    42 | D:5      | Found a snail-covered altar of Cheibriados.
    42 | D:5      | Noticed a killer bee
    42 | D:5      | Noticed a killer bee
    42 | D:5      | Noticed a killer bee
    54 | D:4      | Noticed an ogre
    61 | D:4      | Noticed a necrophage
   538 | D:1      | Reached XP level 2. HP: 22/29 MP: 2/2
   891 | D:1      | Reached XP level 3. HP: 35/35 MP: 3/3
   995 | D:1      | Found a faded altar of an unknown god.
  1183 | D:2      | Reached skill level 1 in Invocations
  1264 | D:2      | Reached skill level 1 in Short Blades
  1264 | D:2      | Reached skill level 1 in Long Blades
  1264 | D:2      | Reached skill level 1 in Axes
  1264 | D:2      | Reached skill level 1 in Maces & Flails
  1264 | D:2      | Reached skill level 1 in Staves
  1264 | D:2      | Reached skill level 1 in Ranged Weapons
  1264 | D:2      | Reached skill level 1 in Throwing
  1264 | D:2      | Reached skill level 1 in Armour
  1264 | D:2      | Reached skill level 1 in Shields
  1264 | D:2      | Reached skill level 1 in Unarmed Combat
  1264 | D:2      | Reached skill level 1 in Spellcasting
  1264 | D:2      | Reached skill level 1 in Evocations
  1504 | D:2      | Reached XP level 4. HP: 38/41 MP: 5/5
  1556 | D:2      | Noticed Jessica
  1562 | D:2      | Killed Jessica
  1563 | D:2      | Reached skill level 1 in Conjurations
  1563 | D:2      | Reached skill level 1 in Hexes
  1563 | D:2      | Reached skill level 1 in Summonings
  1563 | D:2      | Reached skill level 1 in Necromancy
  1563 | D:2      | Reached skill level 1 in Translocations
  1563 | D:2      | Reached skill level 1 in Transmutations
  1563 | D:2      | Reached skill level 1 in Fire Magic
  1563 | D:2      | Reached skill level 1 in Ice Magic
  1563 | D:2      | Reached skill level 1 in Air Magic
  1563 | D:2      | Reached skill level 1 in Earth Magic
  1563 | D:2      | Reached skill level 1 in Poison Magic
  2093 | D:3      | Reached XP level 5. HP: 40/47 MP: 5/7
  2161 | D:3      | Found a shadowy altar of Dithmenos.
  2168 | D:3      | Identified the +4 short sword "Lugopoc" {freeze, +Blink
                  | MP+9 Int+4}
  3678 | D:3      | Found a glowing silver altar of Zin.
  3936 | D:3      | Reached XP level 6. HP: 12/53 MP: 8/8
  4531 | D:4      | Reached skill level 5 in Polearms
  4531 | D:4      | Reached skill level 5 in Dodging
  4699 | D:4      | Reached XP level 7. HP: 24/60 MP: 10/10
  5633 | D:5      | Reached skill level 10 in Stealth
  5704 | D:5      | Noticed Edmund
  6049 | D:6      | Found a staircase to the Ecumenical Temple.
  6057 | Temple   | Entered the Ecumenical Temple
  6110 | Temple   | Became a worshipper of Warmaster Okawaru
  6365 | D:6      | Noticed a steam dragon
  6376 | D:6      | Killed a steam dragon
  6377 | D:6      | Reached XP level 8. HP: 36/67 MP: 12/12
  6807 | D:6      | Reached * piety under Okawaru
  8332 | D:7      | Reached XP level 9. HP: 60/73 MP: 14/14
  8455 | D:7      | Reached ** piety under Okawaru
  9602 | D:5      | Killed from afar by an orc priest

Illustrated notes

Levels and vault maps discovered:
D:1:      lightli_arrival_windingriver, layout_rooms,
          shapermc_ecumenical_altar_hornbeckon, moated_statue
D:2:      layout_loops_cross, serial_aquarium, aquarium_bridge_straight
          [aquarium_subvault_bridge, aquarium_subvault_wall,
          aquarium_subvault_bridge, aquarium_subvault_wall],
          aquarium_window_corridor_2, aquarium_window_1, aquarium_view_2e,
          aquarium_view_2e, aquarium_pool_2, uniq_jessica
D:3:      layout_basic, nicolae_dithmenos_shadow_blocks,
          mainiacjoe_overflow_surrounded_room
D:4:      layout_cave_pools
D:5:      layout_basic, mainiacjoe_overflow_24_doors, kennysheep_little_box,
          minmay_increasing_density, uniq_edmund
D:6:      layout_loops_corners, minmay_temple_entry_statues_pillars,
          serial_glass, glass_columns_a, glass_columns_a, glass_columns_b,
          glass_columns_a, glass_columns_b, glass_columns_c,
          roderic_serpentine_path, nicolae_kite_square_tiling_tiny,
          supply_closet_lemuel
D:7:      layout_loops_ring
Temple:   zaba_magenta_temple

Skill      XL: |  1  2  3  4  5  6  7  8  9 |
---------------+----------------------------+-----
Stealth        | 10 | 10.5
Invocations    | 1 2 3 4 |  4.8
Short Blades   | 1 2 3 4 |  4.3
Long Blades    | 1 2 3 4 |  4.3
Axes           | 1 2 3 4 |  4.3
Maces & Flails | 1 2 3 4 |  4.3
Staves         | 1 2 3 4 |  4.3
Ranged Weapons | 1 2 3 4 |  4.3
Throwing       | 1 2 3 4 |  4.3
Armour         | 1 2 3 4 |  4.3
Shields        | 1 2 3 4 |  4.3
Unarmed Combat | 1 2 3 4 |  4.3
Spellcasting   | 1 2 3 4 |  4.3
Evocations     | 1 2 3 4 |  4.3
Conjurations   | 1 2 3 |  3.5
Hexes          | 1 2 3 |  3.5
Summonings     | 1 2 3 |  3.5
Necromancy     | 1 2 3 |  3.5
Translocations | 1 2 3 |  3.5
Transmutations | 1 2 3 |  3.5
Fire Magic     | 1 2 3 |  3.5
Ice Magic      | 1 2 3 |  3.5
Air Magic      | 1 2 3 |  3.5
Earth Magic    | 1 2 3 |  3.5
Poison Magic   | 1 2 3 |  3.5
Polearms       | 5 6 |  6.4
Dodging        | 5 6 |  6.4
Fighting       | 7 |  7.9

Action                   |  1- 3 |  4- 6 |  7- 9 || total
-------------------------+-------+-------+-------++-------
Melee: Spear             |   129 |   164 |       ||   293
       Bite              |    10 |    10 |    22 ||    42
       Punch             |       |     3 |       ||     3
       Halberd           |       |    36 |   233 ||   269
Evoke: Wand              |       |       |     1 ||     1
  Use: Scroll            |       |     4 |     3 ||     7
       Potion            |       |       |     2 ||     2
 Stab: Sleeping          |    16 |    10 |    16 ||    42
       Distracted        |     1 |       |     1 ||     2
Armor: Leather armour    |    13 |    34 |    29 ||    76
       Steam dragon scal |       |       |    59 ||    59
Dodge: Dodged            |    68 |   121 |   170 ||   359
